 Dungeon Crawl Stone Soup version 0.31-a0-182-gc5ef74bbde (webtiles) character file.

Game seed: 5452442528192683647

113 Midn8 the Shooter (level 4, 0/36 HPs)
             Began as a Draconian Hunter on June 22, 2023.
             Slain by an orc priest
             ... wielding a +0 flail
              (4 damage)
             ... on level 3 of the Dungeon.
             The game lasted 00:02:17 (1739 turns).

Midn8 the Shooter (Draconian Hunter)                Turns: 1739, Time: 00:02:18

Health: 0/36       AC:  5    Str: 14    XL:     4   Next: 65%
Magic:  13/13      EV: 12    Int:  9    God:
Gold:   155        SH:  0    Dex: 16    Spells: 3/3 levels left

rFire   . . .        a - +1 shortbow
rCold   . . .        (shield currently unavailable)
rNeg    . . .        (body armour unavailable)
rPois   .            (helmet restricted)
rElec   .            (no cloak)
rCorr   .            (no gloves)
SInv    .            (no boots)
Will    .....        (no amulet)
Stlth   ++           f - ring of magical power
HPRegen 0.26/turn    (no ring)
MPRegen 0.13/turn

%: no passive effects
@: no status effects
A: AC +5, unfitting armour, cold-blooded
a: no special abilities


You were on level 3 of the Dungeon.
You visited 1 branch of the dungeon, and saw 3 of its levels.

You collected 155 gold pieces.

Inventory:

Hand Weapons
 a - a +1 shortbow (weapon)
Jewellery
 f - a ring of magical power (left hand)
Scrolls
 b - a scroll of butterflies
Potions
 e - a potion of brilliance
 i - a potion of lignification {unknown}
 j - a potion of haste {unknown}


   Skills:
 - Level 2.1 Fighting
 + Level 5.5 Ranged Weapons
 - Level 1.7 Dodging
 - Level 0.8 Stealth


You had 3 spell levels left.
You didn't know any spells.
Your spell library contained the following spells:

 Spells                   Type           Power      Damage    Failure   Level
 Apportation              Tloc           0%         N/A       38%         1
 Necrotise                Necr           0%         1d4       38%         1
 Summon Small Mammal      Summ           0%         N/A       38%         1
 Dazzling Flash           Conj/Hex       0%         N/A       77%         3
 Agony                    Necr           0%         N/A       100%        5
 Silence                  Hex/Air        0%         N/A       100%        5


Dungeon Overview and Level Annotations

Branches:
Dungeon (3/15)

Altars:


Innate Abilities, Weirdness & Mutations

Your plain brown scales are hard. (AC +5)
You cannot fit into any form of body armour.
You are cold-blooded and may be slowed by cold attacks.


Message History

Unknown command.
You shoot an arrow. The arrow hits the orc.
The orc is moderately wounded.
An orc comes into view. It is wielding a +0 short sword.
You shoot an arrow. The orc shouts!
The arrow hits the orc.
The orc is severely wounded.
An orc priest comes into view. It is wielding a +0 flail.
You shoot an arrow. The arrow hits the orc.
The orc is almost dead.
You shoot an arrow. The arrow closely misses the orc.
The orc attacks as you move away! The orc closely misses you.
The orc attacks as you move away! The orc barely misses you.
You shoot an arrow. The arrow hits the orc.
You kill the orc!
You shoot an arrow. The arrow hits the orc.
The orc is lightly wounded.
You shoot an arrow. The arrow hits the orc.
The orc is almost dead.
The orc hits you with a +0 short sword.
You shoot an arrow. The arrow hits the orc!
You kill the orc!
You shoot an arrow. The arrow barely misses the orc priest.
The orc priest mumbles some strange prayers to Beogh against you.
Beogh smites you!
You shoot an arrow.
The arrow closely misses the orc priest.
The orc priest calls down the wrath of Beogh upon you.
Beogh smites you!
* * * LOW HITPOINT WARNING * * *
You are too injured to fight recklessly!
Unknown command.
Fire: a) +1 shortbow
Press: ? - help, Q - select action Shift-Dir - straight line, f/p - orc priest
Aim: an orc priest, wielding a +0 flail and wearing a +0 ring mail (68% to hit)
You shoot an arrow. The arrow hits the orc priest.
The orc priest is moderately wounded.
The orc priest hits you with a +0 flail.
You die...

... ... #.# #.# #.# #.# #..
#.####### # #.######.
#.#...... ##..###........
#.#.####. ..o)...........#
#.#.# #.
#######.######.######.#.# #.
...........o@.......<.#.####.
#######.######..........#....
#......############.###
######..............#
################


You could see an orc priest.

Vanquished Creatures
  An orc wizard (D:3)
  4 adders
  2 worms (D:2)
  2 orcs (D:3)
  An endoplasm (D:2)
  A giant cockroach (D:2)
  3 hobgoblins (D:2)
  3 jackals
  2 kobolds (D:1)
  2 quokkas
  9 ball pythons
  3 bats
  3 frilled lizards
  6 goblins
  3 rats (D:2)
45 creatures vanquished.

Notes
Turn   | Place    | Note
-------+----------+-------------------------------------------
     0 | D:1      | Midn8 the Draconian Hunter began the quest for the Orb.
     0 | D:1      | Reached XP level 1. HP: 17/17 MP: 1/1
   250 | D:1      | Reached skill level 4 in Ranged Weapons
   265 | D:1      | Reached XP level 2. HP: 19/24 MP: 2/2
   448 | D:1      | Found a faded altar of an unknown god.
   989 | D:2      | Reached XP level 3. HP: 9/29 MP: 3/3
  1457 | D:2      | Reached skill level 5 in Ranged Weapons
  1479 | D:2      | Reached XP level 4. HP: 30/36 MP: 4/4
  1739 | D:3      | Slain by an orc priest

Illustrated notes

Levels and vault maps discovered:
D:1:      sevenhm_arrival_forest_fort_large_2, layout_basic,
          hellmonk_ecumenical_altar_heavens_door, nicolae_titane
D:2:      layout_loops_ring, minmay_shallow_snake_nest
D:3:      layout_basic, uniq_grinder

Skill      XL: |  1  2  3 |
---------------+----------+-----
Ranged Weapons | 4 5 |  5.5
Fighting       | |  2.1
Dodging        | |  1.7
Stealth        | |  0.8

Action                     |  1- 3 |  4- 6 || total
---------------------------+-------+-------++-------
   Fire: Shortbow          |   116 |    25 ||   141
    Use: Scroll            |       |     5 ||     5
 Armour: Skin              |    17 |     2 ||    19
  Dodge: Dodged            |    42 |     4 ||    46

Table legend: (Time is in decaauts)
 A = Elapsed time spent in this place.
 B = Non-inter-level travel time spent in this place.
 C = Inter-level travel time spent in this place.
 D = Time resting spent in this place.
 E = Time spent auto-exploring this place.
 F = Levels seen in this place.
 G = Mean time per level.
                   A        B        C        D        E       F      G
               +--------+--------+--------+--------+--------+-----+--------+
         Total |   1763 |   1654 |    109 |    180 |   1214 |   3 |  587.7 |
       Dungeon |   1763 |   1654 |    109 |    180 |   1214 |   3 |  587.7 |
               +--------+--------+--------+--------+--------+-----+--------+

Top non-repeatable levels by time:
     D:2: 847 daAuts
     D:1: 802 daAuts
     D:3: 112 daAuts
